 Dungeon Crawl Stone Soup version 0.28.0-1-gb440e238dd (webtiles) character file.

Game seed: 16312655014811008247

195281 Cykl0x the Tortoise (level 18, -4/116 HPs)
             Began as a Gargoyle Earth Elementalist on Feb 18, 2022.
             Was the Champion of the Shining One.
             Slain by the 22-headed Lernaean hydra (10 damage)
             ... on level 4 of the Swamp on Feb 19, 2022.
             The game lasted 01:29:07 (39887 turns).

Cykl0x the Tortoise (Gargoyle Earth Elementalist)  Turns: 39887, Time: 01:29:08

Health: -4/116     AC: 51    Str: 16    XL:     18   Next: 33%
Magic:  28/33      EV:  4    Int: 26    God:    the Shining One [******]
Gold:   3598       SH:  6    Dex: 16    Spells: 35/40 levels left

rFire   . . .      SeeInvis .   e - +3 scimitar (flame)
rCold   + + .      Faith    .   b - +0 buckler
rNeg    + + +      Spirit   .   i - +8 orange crystal plate armour {Archmagi, Int+3 Clar}
rPois   ∞          Reflect  .   (no helmet)
rElec   +          Harm     .   T - +1 cloak {Stlth+}
rCorr   +          Rampage  .   v - +0 pair of gloves of Gehenna {+Inv Int+3}
Will    +....      Archmagi +   q - +0 pair of boots "Sagatef" {rC+ Dex+4}
Stlth   .......... Clarity  +   N - amulet of magic regeneration
HPRegen 0.29/turn               z - ring of protection from cold
MPRegen 0.63/turn               u - ring of resist corrosion

@: flying, glowing, studying Shields
A: sickness immunity, AC +13, big wings, negative energy resistance 1,
electricity resistance, torment resistance 1, petrification resistance, agile 1,
MP-powered wands
}: 1/15 runes: decaying
a: Renounce Religion, Evoke Invisibility, Divine Shield, Cleansing Flame, Summon
Divine Warrior, Brand Weapon With Holy Wrath


You were on level 4 of the Swamp.
You worshipped the Shining One.
The Shining One was exalted by your worship.
You visited 5 branches of the dungeon, and saw 28 of its levels.
You also visited: Ossuary and Bailey.

You collected 4234 gold pieces.
You spent 636 gold pieces at shops.

Inventory:

Hand Weapons
 e - a +3 scimitar of flaming (weapon)
 L - a +3 double sword of protection
 O - a +2 dagger of venom
 U - a +4 scimitar of protection
Missiles
 c - 946 stones
 g - 11 throwing nets
Armour
 b - a +0 buckler (worn)
 i - the +8 orange crystal plate armour (worn) {Archmagi, Int+3 Clar}
   (You took it off an orc on level 7 of the Dungeon)

   Int:       It affects your intelligence (+3).
   Clar:      It protects you against confusion.
 q - the +0 pair of boots "Sagatef" (worn) {rC+ Dex+4}
   (You found it on level 1 of the Lair of Beasts)

   Dex:       It affects your dexterity (+4).
   rC:        It protects you from cold.
 v - the +0 pair of gloves of Gehenna (worn) {+Inv Int+3}
   (You bought it in a shop on level 2 of the Orcish Mines)

   Int:       It affects your intelligence (+3).
   +Inv:      It lets you turn invisible.
 x - the +18 Lear's hauberk
   (You acquired it on level 11 of the Dungeon)
 M - a +0 kite shield
 T - a +1 cloak of stealth (worn)
Jewellery
 a - a ring of see invisible
 o - a ring of protection from cold
 t - a ring of willpower
 u - a ring of resist corrosion (right hand)
 z - a ring of protection from cold (left hand)
 E - a +4 ring of slaying
 F - a +6 ring of dexterity
 K - a ring of willpower
 N - an amulet of magic regeneration (around neck)
Wands
 m - a wand of flame (52)
 r - a wand of digging (12)
 y - a wand of iceblast (18)
 D - a wand of charming (13)
 G - a wand of paralysis (14)
 H - a wand of polymorph (15)
 P - a wand of mindburst (40)
 W - a wand of acid (8)
Scrolls
 l - 2 scrolls of fog
 n - 2 scrolls of enchant weapon
 C - 11 scrolls of identify
 I - 3 scrolls of enchant armour
 J - 3 scrolls of amnesia
 Q - 2 scrolls of brand weapon
 R - a scroll of silence
 V - 2 scrolls of immolation
 X - a scroll of magic mapping
 Y - 5 scrolls of fear
 Z - 3 scrolls of holy word
Potions
 d - a potion of ambrosia
 f - 5 potions of haste
 h - 2 potions of degeneration
 j - a potion of heal wounds
 k - 4 potions of might
 p - 3 potions of mutation
 s - 3 potions of brilliance
 w - 2 potions of cancellation
 A - a potion of resistance
 B - 5 potions of curing
 S - 2 potions of magic


   Skills:
 * Level 14.0 Fighting
 + Level 0.6(5.1) Short Blades
 + Level 8.2(8.3) Long Blades
 + Level 15.6 Armour
 * Level 4.4 Dodging
 - Level 2.1 Stealth
 + Level 6.2 Shields
 + Level 11.8 Spellcasting
 + Level 13.8 Conjurations
 - Level 0.7 Transmutations
 + Level 0.5 Fire Magic
 + Level 14.5 Earth Magic
 + Level 9.6 Invocations
 + Level 1.3 Evocations


You had 35 spell levels left.
You knew the following spells:

 Your Spells              Type           Power      Damage    Failure   Level
a - Sandblast             Erth           100%       2d20      1%          1
b - Stone Arrow           Conj/Erth      100%       3d13      4%          3
c - Foxfire               Conj/Fire      100%       2x1d9     28%         1

Your spell library contained the following spells:

 Spells                   Type           Power      Damage    Failure   Level
 Passwall                 Tmut/Erth      58%        N/A       36%         2
 Conjure Flame            Conj/Fire      68%        6-21      65%         3
 Dazzling Flash           Conj/Hex       100%       N/A       67%         3
 Petrify                  Tmut/Erth      70%        N/A       94%         4
 Flame Wave               Conj/Fire      68%        2d13      96%         4
 Animate Skeleton         Necr           46%        N/A       99%         1
 Pain                     Necr           92%        1d8       99%         1
 Wereblood                Tmut           28%        N/A       99%         2
 Scorch                   Fire           54%        2d7       100%        2
 Inner Flame              Hex/Fire       25%        N/A       100%        3
 Portal Projectile        Hex/Tloc       46%        N/A       100%        3
 Tukima's Dance           Hex            23%        N/A       100%        3
 Vampiric Draining        Necr           23%        2d7       100%        3
 Animate Dead             Necr           11%        N/A       100%        4
 Passage of Golubria      Tloc           23%        N/A       100%        4
 Summon Ice Beast         Ice/Summ       23%        N/A       100%        4
 Agony                    Necr           23%        N/A       100%        5
 Alistair's Intoxication  Tmut/Pois      16%        N/A       100%        5
 Blade Hands              Tmut           14%        N/A       100%        5
 Borgnjor's Vile Clutch   Necr/Erth      34%        N/A       100%        5
 Excruciating Wounds      Necr           11%        N/A       100%        5
 Silence                  Hex/Air        11%        N/A       100%        5
 Yara's Violent Unravell  Hex/Tmut       12%        3d7       100%        5
 Eringya's Noxious Bog    Tmut/Pois      12%        N/A       100%        6
 Summon Cactus Giant      Summ           11%        N/A       100%        6
 Summon Hydra             Summ           11%        N/A       100%        7
 Sublimation of Blood     Necr           Unusable   N/A       N/A         2

Dungeon Overview and Level Annotations

Branches:
Dungeon (15/15)            Temple (1/1) D:7            Lair (6/6) D:11
  Swamp (4/4) Lair:3        Snake (0/4) Lair:2        Slime (0/5) Lair:5
    Orc (2/2) D:12            Elf (0/3) Orc:2        Vaults (0/5) D:13
 Depths (0/4) D:15        Ossuary (visited)          Bailey (visited)

Altars:
Ashenzari
Cheibriados
Dithmenos
Elyvilon
Fedhas
Gozag
Hepliaklqana
Kikubaaqudgha
Makhleb
Nemelex Xobeh
Okawaru
Qazlal
Ru
Sif Muna
Trog
Uskayaw
Vehumet
Wu Jian
Xom
Yredelemnul
Zin
The Shining One
Beogh
Lugonu

Shops:
D:2 =*   D:6 [   D:8 ?(*=   Orc:1 ?   Orc:2 [(?!

Portals:
Abyss: Lair:6
Trove: D:13 (give +5 demon blade)

Annotations:
Swamp:4 Lernaean hydra


Innate Abilities, Weirdness & Mutations

You are immune to sickness and miasma.
Your stone body is resilient. (AC +13)
You are immune to poison.
Your large and strong wings let you fly.
You resist negative energy. (rN+)
You are resistant to electric shocks. (rElec)
You are resistant to unholy torment.
You are immune to petrification.
You are agile. (Dex +2)
You expend magic power (3 MP) to strengthen your wands.


Message History

The 22-headed Lernaean hydra is almost dead.
The 22-headed Lernaean hydra bites you but does no damage.
The 22-headed Lernaean hydra barely misses you.
The 22-headed Lernaean hydra bites you but does no damage. x8
The 22-headed Lernaean hydra barely misses you.
The 22-headed Lernaean hydra bites you but does no damage. x6
You block the 22-headed Lernaean hydra's attack.
The 22-headed Lernaean hydra bites you but does no damage. x3
The 22-headed Lernaean hydra bites you.
* * * LOW HITPOINT WARNING * * *
The bog body barely misses you.
Casting: Stone Arrow (mildly dangerous; 4% risk of failure)
Confirm with . or Enter, or press ? or * to list all spells.
Aiming: Stone Arrow (mildly dangerous; 4% risk of failure)
Press: ? - help, Shift-Dir - straight line, f/p - 22-headed Lernaean hydra
Aim: the 22-headed Lernaean hydra (almost dead, haloed, 94% to hit)
You feel a surge of power!
The stone arrow hits the 22-headed Lernaean hydra!!
The 22-headed Lernaean hydra is almost dead.
The four-headed hydra barely misses you. x2
You block the four-headed hydra's attack. x2
The 22-headed Lernaean hydra bites you but does no damage. x2
The 22-headed Lernaean hydra bites you!
* * * LOW HITPOINT WARNING * * *
The 22-headed Lernaean hydra bites you but does no damage.
The 22-headed Lernaean hydra bites you.
* * * LOW HITPOINT WARNING * * *
The 22-headed Lernaean hydra bites you but does no damage. x3
The 22-headed Lernaean hydra completely misses you.
The 22-headed Lernaean hydra bites you but does no damage.
The 22-headed Lernaean hydra bites you.
* * * LOW HITPOINT WARNING * * *
The 22-headed Lernaean hydra bites you.
* * * LOW HITPOINT WARNING * * *
The 22-headed Lernaean hydra bites you but does no damage. x5
The 22-headed Lernaean hydra bites you.
* * * LOW HITPOINT WARNING * * *
The 22-headed Lernaean hydra bites you but does no damage.
The 22-headed Lernaean hydra bites you!
You die...

. '..≈...≈......≈...P≈.≈♣
.♣ #≈≈..#...⌠#⌠...#≈.....♣
≈♣ +..##..###########....♣
#≈P.≈#...⌠#⌠.≈.#...≈#.♣
.P[≈....≈.......≈P..'≈♣
.≈(.D≈8.≈.#.≈...8...#≈♣
#......8P....8...≈...≈♣
####'#.P.##D...#'####≈♣ ♣♣
##....'. #.@8.'....##♣
§♣♣#.....#....#.Dn≈#.....#
≈♣.#..}..#.8.$...(.#....(#
§^.#$....#....≈≈...#.....#
≈≈≈##[D.##.#.#'#.#.##...##
≈≈†≈#####≈≈≈...≈.≈≈≈#####
.≈≈<♣ ♣♣♣♣♣♣♣♣♣♣♣. ≈≈.≈♣
♣♣ ♣♣♣♣♣


You could see the 22-headed Lernaean hydra, a four-headed hydra and a bog body.

Vanquished Creatures
  An orc warlord (Orc:2)
  3 ghouls (Swamp:2)
  7 eleionomae
  4 bunyips
  Josephine (D:10)
  8 vault guards
  19 hydras
  2 ice dragons (D:15)
  5 boulder beetles
  2 centaur warriors
  A ghost crab (Swamp:2)
  8 two-headed ogres
  A catoblepas (Lair:6)
  5 death yaks (Lair:5)
  A death knight (D:14)
  4 alligators
  A tengu warrior (D:15)
  4 orc high priests
  3 thrashing horrors (Lair:6)
  A death drake (Swamp:3)
  2 goliath frogs
  2 spriggan druids
  17 bog bodies
  A wizard (D:14)
  10 swamp dragons
  A deep elf pyromancer (D:15)
  3 orc knights
  3 oklob plants (Lair:3)
  5 manticores
  8 will-o-the-wisps
  An orc sorcerer (Orc:1)
  15 ugly things
  4 elephants (Lair:6)
  Joseph (D:8)
  5 cyclopes
  4 black mambas
  Maurice (D:11)
  2 smoke demons (Lair:6)
  10 cane toads
  3 gargoyles
  A torpor snail (Lair:5)
  4 rime drakes
  A komodo dragon (shapeshifter) (Lair:6)
  4 freezing wraiths (D:14)
  A yaktaur (D:15)
  An efreet (D:15)
  21 komodo dragons
  An ancient zyme (Lair:6)
  A polar bear (Lair:2)
  6 trolls
  4 tyrant leeches
  A blink frog (shapeshifter) (Lair:6)
  28 blink frogs
  5 hornets
  A snapping turtle (shapeshifter) (Lair:6)
  14 dream sheep (Lair:6)
  4 slime creatures (D:14)
  A meliai zombie (D:11)
  A centaur simulacrum (D:11)
  7 spriggans
  A shadow (D:9)
  4 wyverns
  8 wraiths
  A ynoxinul (Lair:6)
  11 basilisks
  24 yaks
  11 small abominations (Lair:6)
  6 vampire mosquitoes
  2 chaos spawn (Lair:6)
  3 large abominations (Lair:6)
  9 wargs
  A warg (shapeshifter) (D:15)
  2 nagas (Lair:2)
  9 swamp worms
  4 acid dragons
  14 water moccasins
  A floating eye (Lair:3)
  2 ice beasts (D:4)
  8 swamp drakes
  2 sky beasts
  3 black bears (D:11)
  49 orc warriors
  6 ogres
  A necrophage (Swamp:2)
  7 centaurs
  29 wolves
  A kobold brigand (D:6)
  10 bullfrogs
  A wyvern zombie (D:7)
  3 gnoll sergeants
  7 scorpions
  2 wyvern skeletons
  A water moccasin zombie (D:7)
  2 water moccasin skeletons (D:4)
  3 killer bees (D:10)
  12 wights
  6 howler monkeys
  2 electric eels
  2 centaur zombies (D:10)
  24 orc priests
  2 centaur skeletons (D:7)
  2 hounds
  Crazy Yiuf (D:2)
  A bullfrog skeleton (D:5)
  2 gnoll shamans (D:6)
  2 iguanas (D:6)
  41 orc wizards
  A hound skeleton (D:5)
  A howler monkey zombie (D:9)
  5 adders
  32 gnolls
  5 white imps
  An ufetubus (D:4)
  An adder skeleton (D:4)
  4 dart slugs
  A worm (D:2)
  107 orcs
  2 bats
  6 endoplasms
  2 giant cockroaches
  11 goblins
  7 hobgoblins
  2 jackals (D:6)
  15 kobolds
  6 quokkas
  5 ball pythons
  4 ball python skeletons (Ossuary)
  3 frilled lizards (D:1)
  2 hobgoblin zombies (Ossuary)
  A kobold zombie (Ossuary)
  2 orc skeletons (Ossuary)
  An orc zombie (Ossuary)
  3 rats
861 creatures vanquished.

Vanquished Creatures (collateral kills)
  The ghost of Iidacon the Bludgeoner, a journeyman MiBe of Trog (Swamp:2)
1 creature vanquished.

Vanquished Creatures (others)
  Donald (Swamp:2)
  A spriggan druid (Swamp:4)
  A swamp dragon (Swamp:4)
  A bloated husk (Swamp:2)
  A tyrant leech (Swamp:4)
  A swamp drake (Swamp:2)
  A quokka (D:3)
  60 foxfires
  65 fungi
  62 plants
194 creatures vanquished.

Grand Total: 1056 creatures vanquished

Notes
Turn   | Place    | Note
-------+----------+-------------------------------------------
     0 | D:1      | Cykl0x the Gargoyle Earth Elementalist began the quest for
                  | the Orb.
     0 | D:1      | Reached XP level 1. HP: 10/10 MP: 3/3
   158 | D:1      | Reached XP level 2. HP: 16/16 MP: 3/5
   646 | D:1      | Reached XP level 3. HP: 20/20 MP: 4/6
   650 | D:1      | Learned a level 3 spell: Stone Arrow
   989 | D:2      | Found Ucesaer's Assorted Antiques.
  1084 | D:2      | Found Soegiu's Jewellery Boutique.
  1179 | D:2      | Reached skill level 1 in Fighting
  1179 | D:2      | Reached skill level 1 in Conjurations
  1281 | D:2      | Found a runed translucent door.
  1282 | D:2      | Noticed Crazy Yiuf
  1658 | D:2      | Reached XP level 4. HP: 25/25 MP: 3/7
  2177 | D:2      | Killed Crazy Yiuf
  2342 | D:3      | Found a white marble altar of Elyvilon.
  2352 | D:3      | Became a worshipper of Elyvilon the Healer
  2858 | D:3      | Found a hazy altar of Hepliaklqana.
  3028 | D:3      | Reached * piety under Elyvilon
  3043 | D:3      | Reached XP level 5. HP: 30/30 MP: 5/9
  3704 | D:4      | Reached skill level 1 in Invocations
  3704 | D:4      | Reached XP level 6. HP: 29/36 MP: 3/10
  3829 | D:4      | Noticed an ice beast
  3830 | D:4      | Reached skill level 5 in Earth Magic
  4021 | D:4      | Noticed an ice beast
  4028 | D:4      | Killed an ice beast
  4029 | D:4      | Reached XP level 7. HP: 41/41 MP: 1/12
  4752 | D:5      | Entered Level 5 of the Dungeon
  4830 | D:5      | Reached ** piety under Elyvilon
  4928 | D:5      | Reached XP level 8. HP: 48/48 MP: 7/14
  6143 | D:6      | Reached skill level 5 in Fighting
  6571 | D:6      | Reached skill level 5 in Conjurations
  6640 | D:6      | Reached skill level 1 in Armour
  6643 | D:6      | Reached skill level 1 in Long Blades
  6644 | D:6      | Reached *** piety under Elyvilon
  6817 | D:6      | Found Finokk's Antique Armour Shoppe.
  7000 | D:6      | Reached skill level 5 in Spellcasting
  7000 | D:6      | Reached XP level 9. HP: 54/54 MP: 9/16
  7396 | D:6      | Reached skill level 2 in Armour
  8466 | D:7      | Reached **** piety under Elyvilon
  8549 | D:7      | Found a sand-covered staircase.
  8560 | Ossuary  | Entered an ossuary
  9054 | Ossuary  | Reached skill level 3 in Armour
  9371 | D:7      | Reached XP level 10. HP: 41/61 MP: 5/18
  9612 | D:7      | Reached skill level 5 in Invocations
  9894 | D:7      | Gained mutation: You are agile. (Dex +2) [potion of
                  | mutation]
  9894 | D:7      | Gained mutation: You tend to lose your temper in combat.
                  | [potion of mutation]
  9894 | D:7      | Gained mutation: You are partially covered in iridescent
                  | scales. (AC +2) [potion of mutation]
  9908 | D:7      | Lost mutation: You tend to lose your temper in combat.
                  | [potion of mutation]
  9908 | D:7      | Lost mutation: You are agile. (Dex +2) [potion of mutation]
  9908 | D:7      | Lost mutation: You are partially covered in iridescent
                  | scales. (AC +2) [potion of mutation]
  9908 | D:7      | Gained mutation: You expend magic power (3 MP) to
                  | strengthen your wands. [potion of mutation]
  9908 | D:7      | Gained mutation: Your large and strong wings let you fly.
                  | [potion of mutation]
  9908 | D:7      | Gained mutation: You are agile. (Dex +2) [potion of
                  | mutation]
 10142 | D:7      | Found a staircase to the Ecumenical Temple.
 10150 | Temple   | Entered the Ecumenical Temple
 10219 | Temple   | Fell from the grace of Elyvilon
 10219 | Temple   | Became a worshipper of the Shining One
 10219 | Temple   | Reached * piety under the Shining One
 10219 | Temple   | Reached ** piety under the Shining One
 10590 | D:8      | Found an ancient bone altar of Kikubaaqudgha.
 10590 | D:8      | Found Oddes's General Store.
 10662 | D:8      | Found Beehew's Weapon Shoppe.
 10662 | D:8      | Noticed a two-headed ogre
 10666 | D:8      | Killed a two-headed ogre
 10854 | D:8      | Noticed Joseph
 10862 | D:8      | Killed Joseph
 11114 | D:8      | Reached skill level 4 in Armour
 11315 | D:8      | Identified the +3 hunting sling of Calculation {venom,
                  | Str+4 Int+2}
 11623 | D:8      | Found Effosuaq's Magic Scroll Shoppe.
 11745 | D:8      | Found Itzivoi's Jewellery Shop.
 12175 | D:2      | Bought an amulet of magic regeneration for 330 gold pieces
 12385 | D:9      | Found a flagged portal.
 12398 | Bailey   | Entered a bailey
 12915 | Bailey   | Noticed an orc knight
 12915 | Bailey   | Noticed an orc knight
 12921 | Bailey   | Killed an orc knight
 12955 | Bailey   | Killed an orc knight
 12956 | Bailey   | Reached skill level 1 in Evocations
 12956 | Bailey   | Reached XP level 11. HP: 15/67 MP: 10/20
 13257 | Bailey   | Reached skill level 11 in Armour
 13257 | Bailey   | Reached XP level 12. HP: 72/72 MP: 21/21
 13776 | D:9      | Learned a level 1 spell: Foxfire
 13880 | D:9      | Noticed a two-headed ogre
 13891 | D:9      | Killed a two-headed ogre
 14431 | D:9      | Reached *** piety under the Shining One
 14527 | D:10     | Entered Level 10 of the Dungeon
 14812 | D:10     | Noticed Josephine
 14826 | D:10     | Killed Josephine
 15600 | D:10     | Found a snail-covered altar of Cheibriados.
 15766 | D:10     | Found a radiant altar of Vehumet.
 15772 | D:10     | Found a hide-covered altar of Uskayaw.
 15775 | D:10     | Found a broken altar of Ashenzari.
 15871 | D:11     | Noticed a boulder beetle
 15890 | D:11     | Killed a boulder beetle
 15928 | D:11     | Found a staircase to the Lair.
 16412 | D:11     | Reached skill level 1 in Shields
 16585 | D:11     | Identified a scroll of acquirement
 16590 | D:11     | Acquired the +18 Lear's hauberk
 16590 | D:11     | Found the +18 Lear's hauberk
 16605 | D:11     | Noticed a boulder beetle
 16617 | D:11     | Killed a boulder beetle
 16922 | D:11     | Noticed Maurice
 16928 | D:11     | Killed Maurice
 17088 | D:11     | Noticed a four-headed hydra
 17094 | D:11     | Killed a four-headed hydra
 17137 | D:11     | Identified the amulet "Juaj" {Acrobat rN+ Will+ Dex-3 SInv}
 17198 | D:12     | Noticed a two-headed ogre
 17201 | D:12     | Killed a two-headed ogre
 17202 | D:12     | Reached XP level 13. HP: 79/79 MP: 16/24
 17368 | D:12     | Found a staircase to the Orcish Mines.
 17406 | D:12     | Reached **** piety under the Shining One
 18509 | D:13     | Found a portal to a secret trove of treasure.
 18564 | D:13     | Noticed a vault guard
 18566 | D:13     | Noticed a vault guard
 18575 | D:13     | Noticed a vault guard
 18605 | D:12     | Killed a vault guard
 18664 | D:12     | Killed a vault guard
 18665 | D:12     | Reached skill level 10 in Conjurations
 18786 | D:12     | Killed a vault guard
 18848 | D:13     | Noticed a vault guard
 18852 | D:13     | Noticed a vault guard
 18853 | D:13     | Noticed a vault guard
 18872 | D:13     | Killed a vault guard
 18892 | D:12     | Killed a vault guard
 18893 | D:12     | Reached skill level 12 in Armour
 19099 | D:13     | Killed a vault guard
 19222 | D:13     | Found a gate to the Vaults.
 19222 | D:13     | Noticed a vault guard
 19233 | D:13     | Killed a vault guard
 19580 | D:13     | Noticed a vault guard
 19598 | D:13     | Killed a vault guard
 20166 | D:13     | Reached skill level 10 in Earth Magic
 20372 | D:13     | Reached skill level 10 in Fighting
 20792 | D:14     | Reached skill level 5 in Long Blades
 20792 | D:14     | Mutation became permanent: Your large and strong wings let
                  | you fly. [Gargoyle growth]
 20792 | D:14     | Gained mutation: Your large and strong wings let you fly.
                  | [Gargoyle growth]
 20792 | D:14     | Reached XP level 14. HP: 78/88 MP: 8/26
 21656 | D:15     | Entered Level 15 of the Dungeon
 22537 | D:15     | Reached skill level 13 in Armour
 22841 | D:15     | HP: 3/88 [centaur warrior/arrow (5)]
 23318 | D:15     | Found a staircase to the Depths.
 23586 | D:15     | Upgraded the game from 0.28.0 to 0.28.0-1-gb440e238dd
 23675 | Lair:1   | Entered Level 1 of the Lair of Beasts
 24367 | Lair:1   | Identified the +0 pair of boots "Sagatef" {rC+ Dex+4}
 24789 | Lair:2   | Reached ***** piety under the Shining One
 25011 | Lair:2   | Found a staircase to the Snake Pit.
 26069 | Lair:3   | Reached XP level 15. HP: 95/95 MP: 22/28
 26360 | Lair:3   | Found a staircase to the Swamp.
 26615 | Lair:3   | Acquired 986 gold pieces
 26620 | Lair:3   | Paralysed by a floating eye for 4 turns
 26629 | Lair:3   | Paralysed by a floating eye for 2 turns
 27036 | Lair:3   | Acquired 577 gold pieces
 28123 | Lair:4   | Reached skill level 10 in Spellcasting
 28990 | Lair:5   | Reached skill level 14 in Armour
 29079 | Lair:5   | Found a staircase to the Slime Pits.
 29872 | Lair:6   | Entered Level 6 of the Lair of Beasts
 30998 | Lair:6   | Reached XP level 16. HP: 103/103 MP: 9/30
 31138 | Lair:6   | Reached ****** piety under the Shining One
 31203 | Lair:6   | Found a corrupted altar of Lugonu.
 31294 | Lair:6   | Found a one-way gate to the infinite horrors of the Abyss.
 32124 | Orc:1    | Entered Level 1 of the Orcish Mines
 32865 | Orc:2    | Entered Level 2 of the Orcish Mines
 33723 | Orc:2    | Found Pothoh's Magic Scroll Emporium.
 33768 | Orc:2    | Found Qiw Ibiu's Distillery.
 33820 | Orc:2    | Bought a potion of heal wounds for 55 gold pieces
 33820 | Orc:2    | Bought a potion of curing for 33 gold pieces
 34253 | Orc:1    | Reached skill level 5 in Shields
 34550 | Orc:1    | Found Oseodgh's Magic Scroll Emporium.
 34555 | Orc:1    | Reached skill level 15 in Armour
 34555 | Orc:1    | Reached XP level 17. HP: 108/108 MP: 31/31
 34614 | Orc:2    | Found a staircase to the Elven Halls.
 34944 | Orc:2    | Found Padas's Antique Weapon Shop.
 34947 | Orc:2    | Found Ehieh's Antique Armour Boutique.
 35014 | Orc:2    | Bought a pair of transparent gloves for 218 gold pieces
 35014 | Orc:2    | Identified the +0 pair of gloves of Gehenna {+Inv Int+3}
                  | (You bought it in a shop on level 2 of the Orcish Mines)
 35340 | Swamp:1  | Entered Level 1 of the Swamp
 36463 | Swamp:2  | Found a sacrificial altar of Ru.
 36492 | Swamp:2  | Found a runed translucent door.
 36505 | Swamp:2  | Noticed Donald
 36518 | Swamp:2  | Killed Donald
 36778 | Swamp:2  | Noticed Iidacon's ghost (journeyman MiBe)
 38352 | Swamp:2  | Killed Iidacon's ghost
 38524 | Swamp:2  | Got the Guide on Icy Sinister Secrets
 38564 | Swamp:4  | Entered Level 4 of the Swamp
 38737 | Swamp:4  | Reached XP level 18. HP: 116/116 MP: 28/33
 38804 | Swamp:4  | The Shining One protects you from harm!
 38812 | Swamp:4  | HP: 5/116 [four-headed hydra (11)]
 39862 | Swamp:4  | Got a decaying rune of Zot
 39876 | Swamp:4  | Noticed the 27-headed Lernaean hydra
 39887 | Swamp:4  | Slain by the 22-headed Lernaean hydra

Illustrated notes

Levels and vault maps discovered:
D:1:      dpeg_arrival_line_fractal, layout_basic, hangedman_decor_growths,
          nicolae_figureground_sparkle
D:2:      layout_loops_ring, serial_shops, nicolae_shop_crystal,
          nicolae_shop_waterfront, minmay_misc_feat_hallway,
          uniq_crazy_yiuf_cottage
D:3:      layout_basic, amcnicky_altar_gilded, elyvilon_altar_4,
          guppyfry_early_lair_pool
D:4:      layout_rooms
D:5:      layout_basic
D:6:      layout_cave_pools, serial_gnoll_camp, gnoll_camp_mini_hut,
          gnoll_camp_mini_sergeant, gnoll_camp_mini_shop, gnoll_camp_mini_house,
          gnoll_camp_medium_01, gnoll_camp_mini_loothouse, grunt_ministairs_15
D:7:      layout_basic, minmay_temple_entry_large_hall,
          nicolae_ossuary_entry_ruins, kennysheep_flooded_box,
          chequers_big_river
D:8:      layout_layer_cave, overflow_temple_1_default, serial_shops,
          nicolae_square_shop, nicolae_square_shop, shop, nicolae_shop_stone,
          uniq_joseph
D:9:      layout_loops_cross, enter_bailey_4, kennysheep_generic_room_16
D:10:     layout_loops_corners, grunt_temple_overflow_diamond,
          kennysheep_slug_shrine, uniq_josephine
D:11:     layout_stronghold, due_lair_maze_entry_diamond,
          gauntlet_entry_generic, nzn_sisyphean_effort, uniq_maurice
D:12:     layout_loops_ring, minmay_orc_entry_temple_small,
          minmay_fractal_squares_gapless_5
D:13:     layout_basic, erik_vaults_2, enter_trove_0
D:14:     layout_cave_pools
D:15:     grunt_enter_depths_hoard, layout_rooms
Temple:   regret_index_temple_waves
Lair:1:   layout_regular_city
Lair:2:   layout_long_grid, guppyfry_snake_entry_garden
Lair:3:   layout_layer_cave, nicolae_swamp_entry_splash_gauntlet,
          disabler_island, lemuel_fruit_fields
Lair:4:   layout_big_grid, grunt_megastairs_5
Lair:5:   layout_cave_shapes, dpeg_slime_entry_corner
Lair:6:   hellmonk_lair_end_abyssal_woods, layout_cave_pods, lemuel_fruit_tree,
          grunt_megastairs_4, infiniplex_staircase_pool
Swamp:1:  nicolae_swamp_ascending_descending, layout_basic_swamp,
          hangedman_swamp_ruin_wall, swamp_pool2
Swamp:2:  layout_falls_marsh, ebering_ghost_inner_flame, basic_altar,
          uniq_donald
Swamp:3:  layout_basic_swamp, evilmike_swamp_ruin_house_3
Swamp:4:  grunt_swamp_rune_castle, layout_basic_swamp
Orc:1:    cheibrodos_orc_guarddog, layout_caves, serial_shops, shop,
          minmay_orc_temple_a
Orc:2:    grunt_orc_community_town_hall, layout_caves,
          grunt_orc_community_big_house_1, grunt_orc_community_big_house_1,
          grunt_orc_community_house_3, grunt_orc_community_house_2,
          grunt_orc_community_house_2, grunt_orc_community_house_1

Skill      XL: |  1  2  3  4  5  6  7  8  9 10 11 12 13 14 15 16 17 18 |
---------------+-------------------------------------------------------+-----
Earth Magic    | 4 5 6 7 8 9 10 11 12 13 14 | 14.5
Fighting       | 1 2 3 4 5 6 7 8 10 11 12 13 14 | 14.0
Conjurations   | 1 2 3 5 6 8 9 10 11 12 13 | 13.8
Spellcasting   | 3 4 5 6 7 8 9 10 11 | 11.8
Invocations    | 1 2 3 4 6 8 9 |  9.6
Dodging        | 2 3 4 |  4.4
Armour         | 1 3 4 11 12 13 14 15 | 15.6
Long Blades    | 1 2 3 5 6 7 8 |  8.2
Evocations     | 1 |  1.3
Shields        | 1 2 3 4 5 6 |  6.2
Short Blades   | |  0.6
Stealth        | |  2.1
Transmutations | |  0.7
Fire Magic     | |  0.5

Action                   |  1- 3 |  4- 6 |  7- 9 | 10-12 | 13-15 | 16-18 || total
-------------------------+-------+-------+-------+-------+-------+-------++-------
Melee: Dagger            |    13 |       |       |     9 |    17 |       ||    39
       Punch             |     1 |       |     3 |     2 |       |       ||     6
       Short sword       |     6 |    20 |       |       |       |       ||    26
       Falchion          |       |       |   107 |    83 |       |       ||   190
       Scimitar          |       |       |       |    25 |   411 |   254 ||   690
       Long sword        |       |       |       |       |     5 |       ||     5
       Double sword      |       |       |       |       |       |   112 ||   112
 Cast: Sandblast         |    22 |    17 |     8 |     8 |     8 |     5 ||    68
       Stone Arrow       |    14 |    37 |   137 |   212 |   654 |   545 ||  1599
       Foxfire           |       |       |       |     6 |     5 |     2 ||    13
Invok: Divine Shield     |       |       |       |     4 |     2 |     2 ||     8
       Cleansing Flame   |       |       |       |       |     5 |     3 ||     8
       Summon Divine War |       |       |       |       |       |     2 ||     2
Evoke: Wand              |       |       |     4 |    10 |     7 |     1 ||    22
  Use: Scroll            |       |     3 |     9 |    10 |     9 |     7 ||    38
       Potion            |       |       |       |    13 |     2 |     3 ||    18
Armor: Robe              |     3 |    13 |     3 |       |       |       ||    19
       Leather armour    |       |       |    60 |       |       |       ||    60
       Ring mail         |       |       |    21 |   132 |       |       ||   153
       Scale mail        |       |       |       |     1 |       |       ||     1
       Chain mail        |       |       |       |     8 |   727 |    13 ||   748
       Crystal plate arm |       |       |       |       |       |   989 ||   989
Dodge: Dodged            |    15 |    20 |   115 |   122 |   280 |   167 ||   719
Block: Other             |       |       |       |    16 |       |       ||    16
       Buckler           |       |       |       |     7 |   173 |   207 ||   387
